 Dungeon Crawl Stone Soup version 0.19-a0-1260-gc94d3f7 (console) character file.

25 flowsnake the Vexing (level 2, 0/23 HPs)
             Began as a Centaur Arcane Marksman on Aug 28, 2016.
             Slain by an adder (1 damage)
             ... on level 2 of the Dungeon.
             The game lasted 00:06:00 (1167 turns).

flowsnake the Vexing (Centaur Arcane Marksman)      Turns: 1167, Time: 00:06:01

Health: 0/23       AC:  4    Str: 13    XL:     2   Next: 82%
Magic:  3/3        EV:  9    Int: 12    God:
Gold:   57         SH:  0    Dex:  8    Spells: 2 memorised, 0 levels left

rFire  . . .     SeeInvis .     a - +0 shortbow
rCold  . . .     Gourm    .     e - +0 robe
rNeg   . . .     Faith    .     (shield currently unavailable)
rPois  .         Spirit   .     (no helmet)
rElec  .         Dismiss  .     (no cloak)
rCorr  .         Reflect  .     (no gloves)
MR     .....     Harm     .     (no barding)
Stlth  +.........               (no amulet)
                                (no ring)
                                (no ring)

@: lethally poisoned (0 -> -11), very quick
A: hooves 3, deformed body, speed 2, tough skin 3
a: no special abilities


You were on level 2 of the Dungeon.
You were not hungry.

You visited 1 branch of the dungeon, and saw 2 of its levels.

You collected 57 gold pieces.

Inventory:

Hand Weapons
 a - a +0 shortbow (weapon)
 b - a +0 whip
Missiles
 d - 13 arrows (quivered)
 l - 64 stones
Armour
 e - a +0 robe (worn)
Potions
 h - 2 potions of cure mutation
 j - a potion of lignification
 k - a potion of heal wounds {unknown}
 m - a potion of might {unknown}
 p - a potion of cancellation
Books
 c - a book of Debilitation

   Spells                             Type                      Level
   a - Corona                         Hexes                        1
   b - Slow                           Hexes                        2
   c - Gell's Gravitas                Hexes/Translocation          3
   d - Inner Flame                    Hexes/Fire                   3
   e - Cause Fear                     Hexes                        4
   f - Leda's Liquefaction            Hexes/Earth                  4
Comestibles
 f - 2 bread rations
 g - a slice of pizza
 n - 2 beef jerkies


   Skills:
 + Level 1.3 Fighting
 + Level 3.0 Bows
 - Level 0.2 Throwing
 + Level 1.5 Dodging
 * Level 1.0 Spellcasting
 + Level 3.3 Hexes


You couldn't memorise any spells.
You knew the following spells:

 Your Spells              Type           Power        Failure   Level  Hunger
a - Corona                Hex            #......      10%         1    ##.....
b - Slow                  Hex            #.......     12%         2    ###....


Dungeon Overview and Level Annotations

Branches:
Dungeon (2/15)

Altars:


Innate Abilities, Weirdness & Mutations

You have hooves in place of feet.
Armour fits poorly on your strangely shaped body.
You cover ground very quickly.
You have extremely tough skin. (AC +3)


Message History

Press: ? - help, Shift-Dir - straight line, f/p - adder
Aim: an adder (severely wounded)
You shoot an arrow. The arrow misses the adder.
You feel sick. The adder bites you.
* * * LOW HITPOINT WARNING * * *
You are lethally poisoned!
The adder poisons you!
Firing (i - inventory. (,) - cycle):
d - 15 arrows (quivered)
Press: ? - help, Shift-Dir - straight line, f/p - adder
Aim: an adder (heavily wounded)
You shoot an arrow. The arrow misses the adder.
* * * LOW HITPOINT WARNING * * *
You feel sick. The adder barely misses you. The adder bites you.
* * * LOW HITPOINT WARNING * * *
Firing (i - inventory. (,) - cycle):
d - 14 arrows (quivered)
Press: ? - help, Shift-Dir - straight line, f/p - adder
Aim: an adder (heavily wounded)
You shoot an arrow. The arrow barely misses the adder.
* * * LOW HITPOINT WARNING * * *
You feel sick. The adder bites you.
You die...

··········█ ·█
·······/··██·
············
··········· ·
··········█ ··
··$·······▲ ···
··········███···
(·····Sc····$··█
█·██████···██··█
··········█···█
·······<········
·█·█····)·····█·
·············██
!█·█······██··█
······███·█ █·█
······ █· ·█
······ ·· █
······ ···


You could see an adder.

Vanquished Creatures
  A giant gecko (D:1)
  2 bats (D:1)
  A giant cockroach (D:1)
  3 goblins (D:1)
  3 hobgoblins (D:1)
  2 jackals (D:1)
  3 kobolds (D:1)
  2 giant newts
  3 rats (D:1)
20 creatures vanquished.

Notes
Turn   | Place    | Note
-------+----------+-------------------------------------------
     0 | D:1      | flowsnake the Centaur Arcane Marksman began the quest for the Orb.
     0 | D:1      | Reached XP level 1. HP: 16/16 MP: 2/2
   258 | D:1      | Reached XP level 2. HP: 12/23 MP: 3/3
   768 | D:1      | Learned a level 2 spell: Slow
  1167 | D:2      | HP: 1/23 [poisoned by an adder]
  1167 | D:2      | Slain by an adder

Vault maps used:
D:1:      kennysheep_arrival_forest, glass_columns_a
D:2:      amethyst_overflow_temple_binary, ecumenical_altar_1,
          minmay_randomly_rotated_circles, uniq_terence

Skill      XL: |  1 |
---------------+----+-----
Bows           | 3 |  3.0
Hexes          | 3 |  3.3
Fighting       | |  1.3
Throwing       | |  0.2
Dodging        | |  1.5
Spellcasting   | |  1.0

Action                   || total
-------------------------++-------
Melee: Club              ||    12
       Unarmed           ||    12
       Kick              ||    14
       Whip              ||    72
 Fire: Shortbow          ||     8
Throw: Stone             ||    18
 Cast: Corona            ||     1
  Use: Scroll            ||     6
Armor: Robe              ||    48
Dodge: Dodged            ||    65
